 Dungeon Crawl Stone Soup version 0.29-a0-823-gc37b1572da (webtiles) character file.

Game seed: 12578458562042678526

1301 StoneSoupSpirits the Chopper (level 8, -22/62 HPs)
             Began as a Demonspawn Chaos Knight on July 8, 2022.
             Was a Plaything of Xom.
             Annihilated by an ogre
             ... wielding a +0 giant club
              (27 damage)
             ... on level 6 of the Dungeon.
             The game lasted 00:25:13 (6662 turns).

StoneSoupSpirits the Chopper (DsCK)                 Turns: 6662, Time: 00:25:15

Health: -22/62     AC: 11    Str: 15      XL:     8   Next: 31%
Magic:  8/8        EV: 13    Int: 13      God:    Xom [....*.]
Gold:   262        SH:  4    Dex: 13 (14) Spells: 7/7 levels left

rFire   . . .      SeeInvis .   e - +0 hand axe (vorpal)
rCold   . . .      Faith    .   (no shield)
rNeg    . . .      Spirit   .   b - +2 leather armour
rPois   .          Reflect  .   (no helmet)
rElec   .          Harm     .   (no cloak)
rCorr   +          Rampage  .   h - +2 pair of gloves
Will    .....                   d - +2 pair of boots
Stlth   +.........              (no amulet)
HPRegen 0.20/turn               G - ring of Xom's Anger {Fly Dex+3}
MPRegen 0.11/turn               F - ring of resist corrosion

@: flying, unable to drink
A: claws 1, icy blue scales 1, condensation shield, demonic magic 1, large bone
plates 1, clumsy 1, deformed body, deterioration 1, inability to drink while
threatened 1
a: Renounce Religion


You were on level 6 of the Dungeon.
You worshipped Xom.
You were a beloved toy of Xom.
You visited 1 branch of the dungeon, and saw 7 of its levels.

You collected 262 gold pieces.

Inventory:

Hand Weapons
 a - a +0 hand axe of chaos
 e - a +0 vorpal hand axe (weapon)
 x - a +2 dagger of venom
 C - a +2 vampiric battleaxe
Missiles
 f - 4 poisoned darts
 g - 61 stones
Armour
 b - a +2 leather armour (worn)
 d - a +2 pair of boots (worn)
 h - a +2 pair of gloves (worn)
 n - an orb of guile
Magical Staves
 j - a staff of fire
Jewellery
 v - a ring of fire
 F - a ring of resist corrosion (right hand)
 G - the ring of Xom's Anger (left hand) {Fly Dex+3}
   (Xom gifted it to you on level 6 of the Dungeon)

   [ring of flight]

   Dex:       It affects your dexterity (+3).
   Fly:       It grants you flight.
Wands
 p - a wand of paralysis (8)
 r - a wand of mindburst (19)
Scrolls
 i - 3 scrolls of teleportation
 k - a scroll of vulnerability
 l - 2 scrolls of torment
 o - a scroll of fear {unknown}
 w - a scroll of enchant weapon {unknown}
 y - a scroll of noise {unknown}
 E - 2 scrolls of identify
Potions
 m - a potion of might
 q - a potion of degeneration
 s - 3 potions of attraction
 t - a potion of lignification
 u - a potion of mutation {unknown}
 z - 2 potions of curing {unknown}
 A - a potion of invisibility {unknown}
 B - a potion of resistance {unknown}
 D - a potion of berserk rage {unknown}
Miscellaneous
 c - a piece from Xom's chessboard (15/15) (quivered)


   Skills:
 - Level 5.1 Fighting
 + Level 6.6 Axes
 - Level 2.0 Armour
 - Level 4.0 Dodging
 - Level 4.1 Evocations


You had 7 spell levels left.
You didn't know any spells.
Your spell library contained the following spells:

 Spells                   Type           Power      Damage    Failure   Level
 Frozen Ramparts          Ice            0%         1d2       75%         3
 Ozocubu's Armour         Ice            0%         N/A       75%         3
 Ice Form                 Ice/Tmut       0%         N/A       98%         4
 Summon Ice Beast         Ice/Summ       0%         N/A       98%         4
 Metabolic Englaciation   Hex/Ice        0%         N/A       100%        5
 Simulacrum               Ice/Necr       0%         N/A       100%        6


Dungeon Overview and Level Annotations

Branches:
Dungeon (7/15)
 Temple: D:4-7

Altars:
Kikubaaqudgha
Qazlal

Shops:
D:2 [:[![


Innate Abilities, Weirdness & Mutations

You have sharp fingernails.
You are partially covered in icy blue scales. (AC +2)
A meltable shield of frost defends you. (SH +0)
Spells you cast may paralyse adjacent enemies.
You are partially covered in large bone plates. (SH +4)
You are clumsy. (Dex -2)
Armour fits poorly on your strangely shaped body.
Your body sometimes deteriorates upon taking damage.
You occasionally lose the ability to drink potions when taking damage.


Message History

There is a stone staircase leading down, spattered with blood here.
You hit the ogre but do no damage.
The ogre is moderately wounded.
You hit the orc but do no damage. The orc misses you.
You hit the ogre.
The ogre is heavily wounded.
You barely miss the orc. You hit something.
The orc hits you but does no damage. Something hits you but does no damage.
Deactivating autopickup; reactivate with Ctrl-A.
The ogre hits you with a +0 giant club!
You feel threatened and lose the ability to drink potions!
* * * LOW HITPOINT WARNING * * *
Your body deteriorates!
You feel clumsy.
You barely miss the ogre.
The ogre is heavily wounded.
You hit the orc but do no damage. You closely miss something.
The orc hits you but does no damage. Something hits you but does no damage.
You hit the ogre.
The ogre is heavily wounded.
You hit the orc but do no damage. You hit something but do no damage.
The ogre hits you but does no damage. You block the orc's attack.
Something hits you but does no damage.
You hit the ogre.
The ogre is severely wounded.
You hit something. You closely miss the orc.
The orc hits you but does no damage. Something hits you but does no damage.
The ogre closely misses you.
You hit the ogre.
The ogre is almost dead.
You hit the orc but do no damage. You closely miss something.
You can drink potions again.
The orc completely misses you. Something hits you.
* * * LOW HITPOINT WARNING * * *
You hit the ogre.
The ogre is almost dead.
You hit the orc but do no damage. You closely miss something.
The ogre hits you with a +0 giant club!!
You feel threatened and lose the ability to drink potions!
You die...
Xom chuckles heartily!

######.###........[.#.#.......#
....##.# ###..#..##.#.#.......#
....'..# ##.#.......#........
....#### #.....#.###......##
....# ##....#.##......... ....#
#.......#.#####.#. ^†..#
##...#..#o .# '####
######.{##..# .# #.....o@O...#
.####### #.#######.....#
......<# ...#.# ######## .####
.. ##


You could see an ogre and an orc.

Vanquished Creatures
  4 ogres
  2 phantoms
  A bullfrog (D:6)
  3 scorpions
  A vampire bat (D:3)
  4 hounds
  An iguana (D:5)
  3 orc wizards
  10 gnolls
  10 adders
  3 worms
  2 dart slugs
  11 orcs
  4 ball pythons
  4 bat skeletons (D:3)
  3 bat zombies (D:3)
  3 endoplasms
  3 giant cockroaches
  10 goblins
  8 hobgoblins
  3 jackals (D:3)
  5 kobolds
  7 quokkas
  4 bats
  5 frilled lizards
  2 rats
116 creatures vanquished.

Vanquished Creatures (others)
  A water moccasin (D:5)
  7 plants (D:5)
8 creatures vanquished.

Grand Total: 124 creatures vanquished

Notes
Turn   | Place    | Note
-------+----------+-------------------------------------------
     0 | D:1      | StoneSoupSpirits the Demonspawn Chaos Knight began the
                  | quest for the Orb.
     0 | D:1      | Reached XP level 1. HP: 18/18 MP: 1/1
    79 | D:1      | XOM: silly message
   754 | D:1      | Gained mutation: You are partially covered in icy blue
                  | scales. (AC +2) [demonic ancestry]
   754 | D:1      | Reached XP level 2. HP: 12/24 MP: 2/2
  1050 | D:1      | XOM: noise
  1055 | D:1      | Reached skill level 3 in Axes
  1269 | D:1      | XOM: draining
  1290 | D:2      | Reached skill level 1 in Dodging
  1335 | D:2      | Found Loohog's Antique Armour Boutique.
  1416 | D:2      | Found Sept's Book Shop.
  1652 | D:2      | Reached XP level 3. HP: 26/29 MP: 3/3
  1711 | D:2      | Found Apusoepp's Distillery.
  1717 | D:2      | Reached skill level 1 in Evocations
  1738 | D:2      | Gained mutation: A meltable shield of frost defends you.
                  | (SH +0) [demonic ancestry]
  1738 | D:2      | Reached XP level 4. HP: 9/35 MP: 4/4
  1893 | D:2      | XOM: 5-stop teleportation journey
  2088 | D:2      | Found Upheq's Antique Armour Shoppe.
  2138 | D:2      | XOM: draining
  2152 | D:2      | Found Jotzomp's Armour Boutique.
  2284 | D:2      | Found a stormy altar of Qazlal.
  2387 | D:3      | XOM: noise
  2424 | D:3      | XOM: summons 1 hostile demon
  2611 | D:3      | Found an ancient bone altar of Kikubaaqudgha.
  2624 | D:3      | Gained mutation: Spells you cast may paralyse adjacent
                  | enemies. [demonic ancestry]
  2624 | D:3      | Reached XP level 5. HP: 35/40 MP: 5/5
  2826 | D:3      | XOM: give mutations
  2826 | D:3      | Gained mutation: You are frail. (-10% HP) [Xom's mischief]
  2826 | D:3      | Lost mutation: You are frail. (-10% HP) [Xom's mischief]
  2844 | D:3      | XOM: give mutations
  2844 | D:3      | Gained mutation: You are clumsy. (Dex -2) [Xom's mischief]
  2844 | D:3      | Gained mutation: Your body sometimes deteriorates upon
                  | taking damage. [Xom's mischief]
  2844 | D:3      | Gained mutation: You occasionally lose the ability to drink
                  | potions when taking damage. [Xom's mischief]
  2844 | D:3      | Gained mutation: Your muscles are strong. (Str +4, Int/Dex
                  | -1) [Xom's mischief]
  2857 | D:3      | XOM: noise
  3373 | D:3      | XOM: stat loss: -1 Int (10/12)
  3429 | D:4      | XOM: potion effect (brilliance)
  3432 | D:4      | Reached skill level 4 in Axes
  3480 | D:4      | Gained mutation: You have sharp fingernails. [demonic
                  | ancestry]
  3480 | D:4      | Reached XP level 6. HP: 32/48 MP: 6/6
  3596 | D:4      | XOM: 6-stop teleportation journey
  3603 | D:4      | Reached skill level 5 in Fighting
  3604 | D:4      | XOM: 2-stop teleportation journey
  3858 | D:4      | Reached XP level 7. HP: 19/56 MP: 7/7
  3887 | D:4      | XOM: 1-stop teleportation journey
  4295 | D:4      | XOM: give mutations
  4295 | D:4      | Gained mutation: You are partially covered in large bone
                  | plates. (SH +4) [Xom's mischief]
  4295 | D:4      | Lost mutation: Your muscles are strong. (Str +4, Int/Dex
                  | -1) [Xom's mischief]
  4295 | D:4      | Gained mutation: Armour fits poorly on your strangely
                  | shaped body. [Xom's mischief]
  4764 | D:4      | XOM: cleaving
  5022 | D:4      | XOM: god gift: ring mail {god gift}
  5104 | D:4      | XOM: god gift: +2 vampiric battleaxe
  5196 | D:5      | Entered Level 5 of the Dungeon
  5230 | D:5      | XOM: destruction
  5357 | D:5      | Reached skill level 5 in Axes
  5521 | D:5      | XOM: scenery: summon butterflies
  5667 | D:5      | XOM: potion effect (brilliance)
  5707 | D:5      | XOM: divination: magic mapping
  5713 | D:5      | XOM: divine lightning
  5714 | D:5      | Reached XP level 8. HP: 40/62 MP: 8/8
  5738 | D:5      | XOM: enchant monster (good)
  6216 | D:5      | Reached skill level 6 in Axes
  6230 | D:5      | XOM: scenery: summon butterflies
  6377 | D:6      | Identified the ring of Xom's Anger {Fly Dex+3} (Xom gifted
                  | it to you on level 6 of the Dungeon)
  6377 | D:6      | XOM: god gift: ring of Xom's Anger {Fly Dex+3}
  6662 | D:6      | Annihilated by an ogre

Illustrated notes

Levels and vault maps discovered:
D:1:      dpeg_arrival_arbitrary_b, layout_basic
D:2:      layout_rooms, basic_altar, serial_shops, shop_fountains,
          nicolae_shop_statue_plus, nicolae_diamond_shop, nicolae_shop_crystal,
          nicolae_shop_hallway_plus, minivault_23
D:3:      layout_loops_cross, kennysheep_vampire_church
D:4:      layout_layer_cave, corexii_checkpoint_a
D:5:      layout_loops_ring, serial_bayou_ford_a
D:6:      layout_basic, mainiacjoe_overflow_big_doors, general_overflow_altar
D:7:      layout_cave_pools, amcnicky_altar_gilded,
          ashenzari_conservatory_becter, minmay_temple_entry_glass,
          enter_bailey_3, gammafunk_ghost_nasty_kobolds, minmay_misc_feat_rows,
          hangedman_abyss_or_decor_jellyfish_corner, kennysheep_cluttered_room

Skill      XL: |  1  2  3  4  5  6  7  8 |
---------------+-------------------------+-----
Axes           | 3 4 5 6 |  6.6
Dodging        | 2 3 4 |  4.0
Evocations     | 2 4 |  4.1
Armour         | 2 |  2.0
Fighting       | 5 |  5.1

Action                   |  1- 3 |  4- 6 |  7- 9 || total
-------------------------+-------+-------+-------++-------
Melee: Hand axe          |    76 |   242 |   204 ||   522
       Punch             |     1 |     3 |     3 ||     7
       Battleaxe         |       |       |     5 ||     5
  Use: Scroll            |       |     5 |       ||     5
       Potion            |       |     2 |       ||     2
 Stab: Paralysed         |     2 |       |       ||     2
       Sleeping          |       |     1 |       ||     1
Armor: Leather armour    |    36 |   120 |    73 ||   229
Dodge: Dodged            |    69 |   133 |    95 ||   297
Block: Other             |       |    41 |    60 ||   101

Table legend: (Time is in decaauts)
 A = Elapsed time spent in this place.
 B = Non-inter-level travel time spent in this place.
 C = Inter-level travel time spent in this place.
 D = Time resting spent in this place.
 E = Time spent auto-exploring this place.
 F = Levels seen in this place.
 G = Mean time per level.
                   A        B        C        D        E       F      G
               +--------+--------+--------+--------+--------+-----+--------+
         Total |   6720 |   6616 |    104 |   1527 |   3501 |   7 |  960.0 |
       Dungeon |   6720 |   6616 |    104 |   1527 |   3501 |   7 |  960.0 |
               +--------+--------+--------+--------+--------+-----+--------+

Top non-repeatable levels by time:
     D:4: 1832 daAuts
     D:1: 1412 daAuts
     D:5: 1178 daAuts
     D:3: 1090 daAuts
     D:2: 909 daAuts
     D:6: 291 daAuts
     D:7: 5 daAuts
